 Dungeon Crawl Stone Soup version 0.32-a0-576-g706899e69d (webtiles) character file.

Game seed: 886478517303986250

10091 BeKind the Blocker (level 11, 0/151 HPs)
             Began as a Minotaur Fighter on Mar 2, 2024.
             Was a High Priest of Okawaru.
             Incinerated by a deep elf pyromancer (5 damage)
             ... with a pyre arrow
             ... on level 10 of the Dungeon.
             The game lasted 00:12:03 (9334 turns).

BeKind the Blocker (Minotaur Fighter)               Turns: 9334, Time: 00:12:04

Health: 0/151      AC: 11    Str: 25    XL:     11   Next: 31%
Magic:  10/10      EV: 18    Int:  5    God:    Okawaru [*****.]
Gold:   590        SH: 11    Dex: 10    Spells: 10/10 levels left

rFire   . . .        n - +0 spear (distort)
rCold   . . .        c - +0 buckler
rNeg    . . .        E - +0 swamp dragon scales
rPois   +            (helmet restricted)
rElec   .            C - +0 cloak
rCorr   .            (no gloves)
SInv    .            (no boots)
Will    .....        y - amulet of reflection Stlth
                     J - +5 ring of evasion
HPRegen 0.45/turn    (no ring)
MPRegen 0.12/turn

%: reflection
@: berserking, on fire, glowing, studying Spellcasting, very quick
A: horns 2, retaliatory headbutt
a: Renounce Religion, Heroism, Finesse, Duel


You were on level 10 of the Dungeon.
You worshipped Okawaru.
Okawaru was extremely pleased with you.
You visited 1 branch of the dungeon, and saw 10 of its levels.
You also visited: Sewer.

You collected 590 gold pieces.

Inventory:

Hand Weapons
 a - a +0 trident
 n - a +0 spear of distortion (weapon)
 H - a +4 trident of draining
Missiles
 j - 3 silver javelins (quivered)
Armour
 b - a +0 scale mail
 c - a +0 buckler (worn)
 B - a +0 tower shield
 C - a +0 cloak (worn)
 E - +0 swamp dragon scales (worn)
Jewellery
 h - an amulet of faith
 i - an amulet of the acrobat
 v - a ring of resist corrosion
 y - an amulet of reflection (around neck)
 J - a +5 ring of evasion (left hand)
Wands
 L - a wand of digging (2)
Scrolls
 e - 2 scrolls of fog
 k - 2 scrolls of blinking
 l - 2 scrolls of identify
 o - a scroll of amnesia
 q - 2 scrolls of fear
 r - 4 scrolls of teleportation
 u - 2 scrolls of revelation
 D - a scroll of torment
 F - 2 scrolls of enchant weapon
 I - 2 scrolls of immolation {unknown}
 K - a scroll of enchant armour {unknown}
Potions
 d - 2 potions of might
 f - a potion of attraction {unknown}
 g - 4 potions of degeneration
 m - a potion of haste {unknown}
 t - 3 potions of mutation
 w - 2 potions of cancellation {unknown}
 x - a potion of magic {unknown}
 z - 3 potions of enlightenment
 A - 5 potions of curing {unknown}
 G - a potion of ambrosia {unknown}


   Skills:
 + Level 10.7 Fighting
 + Level 10.3 Polearms
 + Level 10.7 Armour
 + Level 6.8 Dodging
 + Level 10.7 Shields


You had 10 spell levels left.
You didn't know any spells.
Your spell library contained the following spells:

 Spells                   Type           Power      Damage    Failure   Level
 Apportation              Tloc           0%         N/A       63%         1
 Freeze                   Ice            0%         1d3       63%         1
 Slow                     Hex            0%         N/A       63%         1
 Sting                    Conj/Alch      0%         1d3       63%         1
 Ensorcelled Hibernation  Hex/Ice        0%         N/A       77%         2
 Jinxbite                 Hex            0%         N/A       77%         2
 Mercury Vapours          Alch/Air       0%         N/A       77%         2
 Scorch                   Fire           0%         2d5       77%         2
 Confusing Touch          Hex            0%         N/A       94%         3
 Frozen Ramparts          Ice            0%         1d1       94%         3
 Fugue of the Fallen      Necr           0%         N/A       94%         3
 Gell's Gravitas          Tloc           0%         N/A       94%         3
 Hailstorm                Conj/Ice       0%         3d5       94%         3
 Mephitic Cloud           Conj/Alch/Air  0%         N/A       94%         3
 Sigil of Binding         Hex            0%         N/A       94%         3
 Teleport Other           Tloc           0%         N/A       94%         3
 Vampiric Draining        Necr           0%         2d6       94%         3
 Anguish                  Hex/Necr       0%         N/A       100%        4
 Flame Wave               Conj/Fire      0%         2d4       100%        4
 Olgreb's Toxic Radiance  Alch           0%         N/A       100%        4
 Alistair's Intoxication  Alch           0%         N/A       100%        5
 Freezing Cloud           Conj/Ice/Air   0%         6-21      100%        5
 Yara's Violent Unravell  Hex/Alch       0%         3d3       100%        5
 Dispersal                Tloc           0%         N/A       100%        6
 Animate Dead             Necr           Unusable   N/A       N/A         4
 Summon Forest            Summ/Tloc      Unusable   N/A       N/A         5
 Summon Mana Viper        Hex/Summ       Unusable   N/A       N/A         5
 Summon Cactus Giant      Summ           Unusable   N/A       N/A         6
 Haunt                    Necr/Summ      Unusable   N/A       N/A         7
 Infestation              Necr           Unusable   N/A       N/A         8

Dungeon Overview and Level Annotations

Branches:
Dungeon (10/15)            Temple (0/1) D:6           Sewer (visited)
   Lair: D:8-11         Orc: D:9-12

Altars:
Cheibriados
Dithmenos
Hepliaklqana
Kikubaaqudgha
Makhleb
Okawaru
Uskayaw
Vehumet
Wu Jian
Yredelemnul
Zin
Beogh

Shops:
D:2 :   D:4 (

Annotations:
D:6 3 runed translucent doors, DeathSocks's ghost, novice CoGl


Innate Abilities, Weirdness & Mutations

You have a pair of horns on your head.
You reflexively headbutt those who attack you in melee.


Message History

You are on fire!
You feel much better. The liquid fire burns you!
* * * LOW HITPOINT WARNING * * *
You feel much better. The liquid fire burns you!
You feel much better. The liquid fire burns you!
Unknown command.
Unknown command.
The liquid fire burns you! Something hits you but does no damage.
The liquid fire burns you!
* * * LOW HITPOINT WARNING * * *
Something hits you.
* * * LOW HITPOINT WARNING * * *
It was a potion of berserk rage.
A red film seems to cover your vision as you go berserk!
You feel yourself moving faster!
You feel mighty! The liquid fire burns you!
* * * LOW HITPOINT WARNING * * *
You hear some strange, mumbled words.
Something tries to affect you, but you resist.
You miss something. The liquid fire burns you!
* * * LOW HITPOINT WARNING * * *
Something hits you but does no damage.
You closely miss something. The liquid fire burns you!
* * * LOW HITPOINT WARNING * * *
You puncture something!
Space warps around something.
The liquid fire burns you!
* * * LOW HITPOINT WARNING * * *
You block something's attack.
You hit something but do no damage. Your headbutt misses something.
The liquid fire burns you!
* * * LOW HITPOINT WARNING * * *
You miss something. Your headbutt misses something. The liquid fire burns you!
You die...

................#.....>
####...#.##.#..#.##.#.
#...#..............
#...######.......##
#...# ###..<#### #...#
#....... #_..# #...####
###{### ##### #..@..#
#.)...# #.#.#.#
#[....## #### #......##
#... ######.###.#.#####
##.## #.....##
##......# ##..##
#.###.# #.####.###...##
#.# #.## ##.#
#|#...#.##


There were no monsters in sight!

Vanquished Creatures
  Gastronok (D:9)
  Fannar (D:10)
  A two-headed ogre (D:8)
  A deep elf pyromancer (D:10)
  An unseen horror (D:10)
  Jeremiah (D:6)
  2 trolls (D:9)
  3 wraiths
  A wyvern (D:7)
  A shadow (D:9)
  6 yaks
  Duvessa (D:7)
  2 acid dragons
  2 water moccasins
  2 sky beasts
  3 black bears
  An orc warrior (D:8)
  An ogre (D:7)
  A centaur (D:9)
  2 phantoms
  A brain worm (Sewer)
  5 bullfrogs
  3 scorpions
  A wight (D:6)
  Dowan (D:7)
  5 howler monkeys (D:8)
  An electric eel (D:7)
  2 bombardier beetles
  2 hounds
  2 jellies (D:6)
  An iron imp (D:9)
  2 orc priests
  2 iguanas (D:5)
  10 orc wizards
  8 gnolls
  9 adders
  3 river rats
  3 shadow imps
  An ufetubus (D:7)
  5 ribbon worms
  27 orcs
  15 ball pythons
  9 bats
  12 endoplasms
  3 giant cockroaches
  31 goblins
  23 hobgoblins
  2 jackals (Sewer)
  13 kobolds
  5 quokkas
  7 frilled lizards
  6 rats
254 creatures vanquished.

Vanquished Creatures (others)
  A hobgoblin (D:5)
1 creature vanquished.

Grand Total: 255 creatures vanquished

Notes
Turn   | Place    | Note
-------+----------+-------------------------------------------
     0 | D:1      | BeKind the Minotaur Fighter began the quest for the Orb.
     0 | D:1      | Reached XP level 1. HP: 19/19 MP: 0/0
   204 | D:1      | Reached XP level 2. HP: 27/27 MP: 1/1
   681 | D:2      | Found Xehiu's Book Emporium.
   693 | D:2      | Reached XP level 3. HP: 33/33 MP: 2/2
  1390 | D:3      | Reached XP level 4. HP: 40/40 MP: 3/3
  1661 | D:3      | Found a radiant altar of Vehumet.
  1703 | D:3      | Found a faded altar of an unknown god.
  1882 | D:4      | Found Poadoapi's Antique Weapon Shop.
  1931 | D:4      | Found an iron altar of Okawaru.
  1933 | D:4      | Noticed a scorpion
  1945 | D:4      | Banished a scorpion
  1946 | D:4      | Reached XP level 5. HP: 37/47 MP: 4/4
  1966 | D:4      | Became a worshipper of Warmaster Okawaru
  2020 | D:4      | Reached skill level 5 in Shields
  2077 | D:4      | Reached skill level 5 in Armour
  2103 | D:4      | Got Dearu's Elucidation of Translocated Mischance
  2190 | D:4      | Reached skill level 5 in Fighting
  2247 | D:4      | Found a glowing drain.
  2286 | Sewer    | Entered a sewer
  2292 | Sewer    | Reached XP level 6. HP: 51/56 MP: 5/5
  2896 | D:4      | Reached * piety under Okawaru
  3092 | D:5      | Entered Level 5 of the Dungeon
  3101 | D:5      | Reached skill level 5 in Polearms
  3101 | D:5      | Reached XP level 7. HP: 37/62 MP: 6/6
  3339 | D:5      | Found an ancient bone altar of Kikubaaqudgha.
  3369 | D:5      | Reached ** piety under Okawaru
  3880 | D:4      | Reached XP level 8. HP: 58/71 MP: 7/7
  4496 | D:5      | Found a glowing silver altar of Zin.
  4845 | D:6      | Identified the +3 plate armour "Qezuf" {Dex+8}
  4846 | D:6      | Found a runed translucent gate.
  4846 | D:6      | Noticed DeathSocks's ghost (novice CoGl)
  4847 | D:6      | Found a runed translucent gate.
  4848 | D:6      | Found a roughly hewn altar of Beogh.
  4848 | D:6      | Found a runed translucent gate.
  4891 | D:6      | Noticed Jeremiah
  5009 | D:7      | Found a snail-covered altar of Cheibriados.
  5062 | D:7      | Noticed Dowan
  5063 | D:7      | Noticed Duvessa
  5075 | D:7      | Killed Duvessa
  5086 | D:7      | Killed Dowan
  5182 | D:7      | Reached skill level 1 in Dodging
  5205 | D:7      | Reached *** piety under Okawaru
  5356 | D:7      | Reached XP level 9. HP: 51/81 MP: 8/8
  5892 | D:6      | Killed Jeremiah
  6188 | D:6      | Found a shadowy altar of Dithmenos.
  6438 | D:6      | Found a hazy altar of Hepliaklqana.
  6519 | D:6      | Found a staircase to the Ecumenical Temple.
  6866 | D:8      | Reached **** piety under Okawaru
  7176 | D:8      | Reached XP level 10. HP: 91/91 MP: 9/9
  7341 | D:8      | Noticed a two-headed ogre
  7356 | D:8      | Killed a two-headed ogre
  7843 | D:9      | Reached ***** piety under Okawaru
  7844 | D:9      | Reached skill level 5 in Dodging
  7987 | D:9      | Noticed Gastronok
  7998 | D:9      | Killed Gastronok
  7998 | D:9      | Received a gift from Okawaru
  7999 | D:9      | Reached skill level 10 in Fighting
  7999 | D:9      | Reached skill level 10 in Armour
  7999 | D:9      | Reached skill level 10 in Shields
  8032 | D:9      | Found a basalt altar of Yredelemnul.
  8147 | D:9      | Found a burning altar of Makhleb.
  8220 | D:9      | Reached XP level 11. HP: 90/100 MP: 10/10
  8341 | D:9      | Reached skill level 10 in Polearms
  8418 | D:9      | Found an ornate altar of the Wu Jian Council.
  8601 | D:10     | Entered Level 10 of the Dungeon
  8618 | D:10     | Found a hide-covered altar of Uskayaw.
  8650 | D:10     | Noticed Fannar
  8666 | D:10     | Killed Fannar
  9305 | D:10     | Noticed a deep elf pyromancer
  9323 | D:10     | Killed a deep elf pyromancer
  9323 | D:10     | HP: 3/101 [burnt (6)]
  9332 | D:10     | HP: 7/151 [burnt (5)]
  9334 | D:10     | Incinerated by a deep elf pyromancer

Illustrated notes

Levels and vault maps discovered:
D:1:      saegor_arrival_simple_e, layout_loops_cross, minmay_gold_behind_fungi
D:2:      minmay_skewed_foursquare, layout_loops_ring, serial_shops, shop
D:3:      layout_rooms, lemuel_doored_altar, shapermc_ecumenical_altar_venn
D:4:      layout_basic, mainiacjoe_overflow_cross_hatched, portal_sewer_entry_c,
          serial_shops, nicolae_shop_tiny_waterfront
D:5:      minmay_goblin_kobold_castle, layout_cave_pools,
          nicolae_kikubaaqudgha_miasma_corner, zin_statuary
D:6:      layout_cave_pods, marbit_many_paths, nicolae_dithmenos_shadow_blocks,
          temple_green, biasface_ghost_orc_armoury, minmay_manual_macuahuitl,
          uniq_jeremiah
D:7:      layout_basic, mainiacjoe_overflow_brackets, kennysheep_generic_room_2,
          uniq_duvessa
D:8:      layout_gridville
D:9:      layout_roguey, overflow_temple_1_default,
          nicolae_wu_jian_immortal_techniques, demons_altar, uniq_gastronok
D:10:     layout_loops_cross, overflow_temple_1_default, gammafunk_ghost_hive,
          billiards_dpeg, uniq_fannar

Skill      XL: |  1  2  3  4  5  6  7  8  9 10 11 |
---------------+----------------------------------+-----
Fighting       | 4 5 6 7 9 10 | 10.7
Armour         | 4 5 6 7 9 10 | 10.7
Shields        | 4 5 6 7 9 10 | 10.7
Polearms       | 3 4 5 6 7 8 9 10 | 10.3
Dodging        | 1 4 6 |  6.8

Action                     |  1- 3 |  4- 6 |  7- 9 | 10-12 || total
---------------------------+-------+-------+-------+-------++-------
  Melee: Trident           |   125 |       |       |       ||   125
         Headbutt          |    13 |     9 |    40 |    31 ||    93
         Spear             |     5 |   146 |   391 |   195 ||   737
    Use: Scroll            |       |     7 |     2 |       ||     9
         Potion            |       |       |       |     6 ||     6
 Armour: Scale mail        |    80 |    52 |    88 |       ||   220
         Swamp dragon scal |       |       |    89 |    79 ||   168
  Dodge: Dodged            |    39 |    54 |    82 |    48 ||   223
  Block: Buckler           |    16 |    19 |   120 |    48 ||   203
         Reflection        |       |       |    12 |     2 ||    14

Table legend: (Time is in decaauts)
 A = Elapsed time spent in this place.
 B = Non-inter-level travel time spent in this place.
 C = Inter-level travel time spent in this place.
 D = Time resting spent in this place.
 E = Time spent auto-exploring this place.
 F = Levels seen in this place.
 G = Mean time per level.
                   A        B        C        D        E       F      G
               +--------+--------+--------+--------+--------+-----+--------+
         Total |   9392 |   9111 |    281 |    445 |   7022 |  11 |  853.8 |
       Dungeon |   8615 |   8334 |    281 |    445 |   6413 |  10 |  861.5 |
         Sewer |    777 |    777 |      0 |      0 |    609 |   1 |  777.0 |
               +--------+--------+--------+--------+--------+-----+--------+

Top non-repeatable levels by time:
     D:5: 1248 daAuts
     D:6: 1146 daAuts
     D:9: 978 daAuts
     D:4: 968 daAuts
     D:8: 840 daAuts
     D:7: 824 daAuts
   Sewer: 777 daAuts
     D:2: 714 daAuts
    D:10: 706 daAuts
     D:1: 691 daAuts
     D:3: 496 daAuts
